Map: Alcyone LE

Players

HeroMarine - Winner!

  • Race: Terran Terran
  • League: Grandmaster
  • Spawn Location: 1:00

PtitDrogo

  • Race: Protoss Protoss
  • Spawn Location: 7:00

Event: HomeStory Cup XXV

VOD

Have the link to the VOD?

Description

Time

  • Played on: June 22, 2024, 12:19 p.m.
  • Length: 6:22

All games in this series

Show
View Real Time Build Order
Export as new Build Order

HeroMarine Terran - Winner!

Build Orders: Cyclone Opening 

Get SALT Encoding   

  12  0:00  SCV  
  13  0:12  SCV  
  14  0:17  Supply Depot  
  14  0:24  SCV  
  15  0:38  SCV  
  15  0:40  Barracks  
  16  0:44  Refinery  
  16  0:50  SCV  
  16  0:55  Refinery  
  17  1:02  SCV  
  18  1:14  SCV  
  19  1:27  Orbital Command, Reaper  
  20  1:42  Factory  
  20  1:43  Supply Depot  
  20  1:52  SCV  
  21  2:04  SCV  
  22  2:11  Command Center  
  22  2:16  Barracks Reactor  
  22  2:17  SCV  
  23  2:26  Cyclone  
  23  2:29  SCV  
  26  2:37  Starport  
  26  2:41  SCV  
  27  2:47  Supply Depot  
  27  2:52  Marine x2  
  27  2:54  SCV  
  29  2:59  Widow Mine  
  31  3:08  SCV  
  31  3:10  Marine x2  
  34  3:14  Medivac  
  36  3:20  SCV  
  36  3:21  Factory Tech Lab  
  36  3:24  Orbital Command  
  37  3:28  Marine x2  
  37  3:33  SCV  
  40  3:41  Siege Tank  
  43  3:45  SCV  
  43  3:47  Marine x2  
  46  3:51  Supply Depot, SCV  
  47  3:57  SCV, Liberator  
  51  4:03  SCV  
  51  4:07  Marine x2  
  54  4:10  Supply Depot  
  54  4:12  SCV  
  58  4:17  Siege Tank, SCV  
  57  4:24  SCV  
  57  4:27  Marine x2  
  57  4:31  Supply Depot, SCV  
  59  4:36  SCV  
  60  4:43  SCV, Command Center  
  60  4:44  Marine x2  
  63  4:48  SCV  
  63  4:51  Siege Tank  
  67  4:55  Supply Depot, SCV  
  68  5:01  SCV  
  68  5:02  Marine x2  
  68  5:07  SCV, Liberator  
  75  5:14  SCV  
  75  5:19  SCV  
  75  5:20  Marine x2  
  79  5:25  Barracks  
  79  5:26  Barracks  
  79  5:27  SCV  
  79  5:31  SCV, Refinery  
  79  5:32  Engineering Bay, Refinery  
  80  5:38  Marine x2  
  80  5:40  SCV  
  83  5:43  SCV  
  83  5:49  Siege Tank  
  84  5:52  SCV  
  84  5:55  SCV  
  86  5:57  Orbital Command  
  86  6:02  Barracks  
  86  6:04  SCV  
  84  6:05  Barracks  
  84  6:08  SCV  
Show
View Real Time Build Order
Export as new Build Order

PtitDrogo Protoss 

Build Orders: 1 Gate Expand, Blink Stalkers 

Get SALT Encoding   

  12  0:00  Probe  
  13  0:12  Probe  
  14  0:16  Pylon  
  14  0:24  Probe  
  15  0:35  Gateway  
  15  0:36  Probe (Chrono Boost)  
  16  0:45  Probe (Chrono Boost)  
  16  0:46  Assimilator  
  17  0:51  Probe (Chrono Boost)  
  18  1:03  Probe  
  19  1:15  Probe  
  20  1:23  Cybernetics Core  
  20  1:33  Nexus  
  20  1:37  Pylon  
  20  1:40  Probe  
  21  1:47  Assimilator  
  21  1:52  Probe  
  22  1:59  Adept (Chrono Boost), Warp Gate  
  24  2:04  Probe  
  25  2:11  Shield Battery  
  25  2:16  Probe  
  26  2:23  Stalker (Chrono Boost)  
  28  2:30  Probe  
  28  2:33  Twilight Council  
  29  2:48  Probe (Chrono Boost)  
  29  2:50  Probe (Chrono Boost)  
  32  2:59  Probe (Chrono Boost)  
  32  3:01  Probe (Chrono Boost)  
  32  3:02  Stalker  
  35  3:07  Probe  
  35  3:08  Robotics Facility  
  35  3:12  Gateway, Probe (Chrono Boost)  
  37  3:19  Probe (Chrono Boost)  
  38  3:26  Blink  
  39  3:28  Probe x2 (Chrono Boost)  
  39  3:32  Pylon  
  40  3:35  Probe  
  40  3:36  Probe  
  42  3:41  Pylon  
  42  3:47  Probe  
  42  3:48  Stalker  
  45  3:52  Probe  
  45  3:54  Pylon  
  45  3:55  Observer (Chrono Boost)  
  47  3:59  Probe  
  48  4:04  Probe  
  48  4:06  Stalker  
  51  4:15  Stalker  
  53  4:22  Probe  
  54  4:24  Probe  
  55  4:34  Nexus  
  55  4:35  Pylon  
  55  4:36  Probe (Chrono Boost)  
  55  4:37  Assimilator  
  57  4:39  Assimilator, Probe (Chrono Boost), Pylon  
  57  4:40  Robotics Bay  
  58  4:46  Probe (Chrono Boost)  
  58  4:49  Probe (Chrono Boost)  
  58  4:51  Probe (Chrono Boost)  
  59  4:53  Forge  
  59  4:57  Shield Battery  
  59  4:59  Probe  
  61  5:03  Probe  
  62  5:11  Stalker x2, Probe  
  67  5:15  Probe  
  67  5:18  Immortal (Chrono Boost)  
  68  5:23  Probe  
  71  5:34  Stalker  
  71  5:35  Stalker  
  70  5:46  Probe  
  63  6:01  Stalker x2  
Tags
 
Add a new tag
Caveats
  • Supply blocks, unpowered buildings, or Contaminate may cause inaccurate times.
  • Supply counts are checked every 10 seconds.